 Dungeon Crawl Stone Soup version 0.31-a0-662-g684573625c (webtiles) character file.

Game seed: 1812374949316681428

675 arthad the Trooper (level 7, -10/58 HPs)
             Began as a Formicid Fighter on Sept 1, 2023.
             Was an Initiate of Okawaru.
             Mangled by an ogre
             ... wielding a +0 giant club
              (16 damage)
             ... on level 5 of the Dungeon.
             The game lasted 00:04:46 (2755 turns).

arthad the Trooper (Formicid Fighter)               Turns: 2755, Time: 00:04:47

Health: -10/58     AC:  8    Str: 23    XL:     7   Next: 91%
Magic:  7/7        EV:  9    Int:  7    God:    Okawaru [......]
Gold:   172        SH:  5    Dex: 13    Spells: 6/6 levels left

rFire   . . .        a - +0 war axe
rCold   . . .        c - +0 buckler
rNeg    . . .        b - +0 scale mail
rPois   +            (helmet unavailable)
rElec   .            o - +0 cloak
rCorr   .            (no gloves)
SInv    +            (no boots)
Will    .....        l - amulet of magic regeneration Stlth
                     m - ring of poison resistance
HPRegen 0.29/turn    (no ring)
MPRegen 0.50/turn

%: no passive effects
@: no status effects
A: permanent stasis, dig shafts and tunnels, antennae 3, four strong arms
a: Dig, Shaft Self, Renounce Religion


You were on level 5 of the Dungeon.
You worshipped Okawaru.
Okawaru was noncommittal.
You visited 1 branch of the dungeon, and saw 5 of its levels.

You collected 172 gold pieces.

Inventory:

Hand Weapons
 a - a +0 war axe (weapon)
Missiles
 e - 3 boomerangs
 g - 6 curare-tipped darts (quivered)
 r - 3 poisoned darts
Armour
 b - a +0 scale mail (worn)
 c - a +0 buckler (worn)
 o - a +0 cloak (worn)
Jewellery
 l - an amulet of magic regeneration (around neck)
 m - a ring of poison resistance (left hand)
Wands
 t - a wand of charming (6)
Scrolls
 f - a scroll of immolation {unknown}
 h - a scroll of summoning {unknown}
 i - 2 scrolls of identify {unknown}
 j - 2 scrolls of noise {unknown}
 k - a scroll of enchant weapon {unknown}
 n - a scroll of blinking {unknown}
 q - a scroll of silence {unknown}
 s - a scroll of teleportation {unknown}
 u - a scroll of enchant armour {unknown}
Potions
 d - a potion of might
 p - a potion of heal wounds {unknown}


   Skills:
 * Level 6.1 Fighting
 * Level 5.0 Axes
 + Level 4.8 Armour
 + Level 5.7 Shields


You had 6 spell levels left.
You didn't know any spells.
Your spell library contained the following spells:

 Spells                   Type           Power      Damage    Failure   Level
 Leda's Liquefaction      Hex/Erth       0%         N/A       100%        4
 Lee's Rapid Deconstruct  Erth           0%         3d4*      100%        5
 Leda's Unmaking          Conj/Erth      0%         9d1       100%        6


Dungeon Overview and Level Annotations

Branches:
Dungeon (5/15)
 Temple: D:4-7

Altars:
Fedhas
Kikubaaqudgha
Makhleb
Okawaru
Qazlal
Ru
Trog
Uskayaw
Wu Jian
Yredelemnul
Zin
The Shining One

Shops:
D:2 ?


Innate Abilities, Weirdness & Mutations

You cannot be hasted, slowed, berserked, paralysed or teleported.
You can dig through walls and to a lower floor.
You have a pair of large antennae on your head. (SInv)
Your four strong arms can wield two-handed weapons with a shield.


Message History

You climb downwards.
You sense a monster nearby.
Found a scroll labelled QODAIL RIETEK.
There is a stone staircase leading up here.
u - a scroll labelled QODAIL RIETEK An ogre comes into view.
It is wielding a +0 giant club.
An ogre is nearby!
An ogre is nearby!
The ogre hits you with a +0 giant club!
You hit the ogre.
The ogre is lightly wounded.
You slash the ogre!
The ogre is moderately wounded.
The ogre hits you with a +0 giant club!
You are too injured to fight recklessly!
You are too injured to fight recklessly!
You are too injured to fight recklessly!
You are too injured to fight recklessly!
You are too injured to fight recklessly!
You are too injured to fight recklessly!
You are too injured to fight recklessly!
You are too injured to fight recklessly!
You are too injured to fight recklessly!
You are too injured to fight recklessly!
You are too injured to fight recklessly!
You are too injured to fight recklessly!
You hit the ogre.
The ogre is moderately wounded.
The ogre hits you with a +0 giant club.
You slash the ogre!
The ogre is severely wounded.
The ogre hits you with a +0 giant club!!
* * * LOW HITPOINT WARNING * * *
You hit the ogre.
The ogre is almost dead.
The ogre barely misses you.
You hit the ogre.
The ogre is almost dead.
The ogre hits you with a +0 giant club!
You die...

##### ... #O#
##+######@#
#...<.....#
.....#.#######
.#. #. .. ###


You could see an ogre.

Vanquished Creatures
  3 ogres
  A hound (D:4)
  4 orc priests
  An iguana (D:4)
  3 orc wizards
  Robin (D:3)
  2 adders
  A worm (D:2)
  4 dart slugs
  23 orcs
  3 endoplasms (D:1)
  5 giant cockroaches
  14 goblins
  11 hobgoblins
  7 jackals (D:2)
  3 quokkas
  9 ball pythons
  10 bats
  6 frilled lizards
  2 kobolds
  4 rats
117 creatures vanquished.

Notes
Turn   | Place    | Note
-------+----------+-------------------------------------------
     0 | D:1      | arthad the Formicid Fighter began the quest for the Orb.
     0 | D:1      | Reached XP level 1. HP: 18/18 MP: 1/1
   103 | D:1      | Reached XP level 2. HP: 21/24 MP: 2/2
   328 | D:1      | Reached XP level 3. HP: 30/30 MP: 3/3
   544 | D:2      | Found a sacrificial altar of Ru.
   568 | D:2      | Found Kitoenn's Magic Scroll Shop.
   689 | D:2      | Reached skill level 4 in Fighting
   743 | D:2      | Reached XP level 4. HP: 37/37 MP: 4/4
  1105 | D:3      | Reached XP level 5. HP: 42/42 MP: 5/5
  1140 | D:3      | Noticed Robin
  1155 | D:3      | Killed Robin
  1560 | D:3      | Noticed an ogre
  1568 | D:3      | Killed an ogre
  1569 | D:3      | Reached skill level 5 in Fighting
  1569 | D:3      | Reached skill level 5 in Shields
  1569 | D:3      | Reached XP level 6. HP: 13/51 MP: 6/6
  2005 | D:4      | Reached XP level 7. HP: 44/56 MP: 7/7
  2476 | D:4      | Reached skill level 6 in Fighting
  2476 | D:4      | Reached skill level 5 in Axes
  2587 | D:4      | Found a glowing golden altar of the Shining One.
  2587 | D:4      | Found an ornate altar of the Wu Jian Council.
  2587 | D:4      | Found a hide-covered altar of Uskayaw.
  2593 | D:4      | Found a burning altar of Makhleb.
  2594 | D:4      | Found an iron altar of Okawaru.
  2596 | D:4      | Found a bloodstained altar of Trog.
  2596 | D:4      | Found a glowing silver altar of Zin.
  2597 | D:4      | Found a blossoming altar of Fedhas.
  2599 | D:4      | Became a worshipper of Warmaster Okawaru
  2601 | D:4      | Found a basalt altar of Yredelemnul.
  2604 | D:4      | Found an ancient bone altar of Kikubaaqudgha.
  2605 | D:4      | Found a stormy altar of Qazlal.
  2743 | D:5      | Entered Level 5 of the Dungeon
  2755 | D:5      | Mangled by an ogre

Illustrated notes

Levels and vault maps discovered:
D:1:      lightli_iron_boxes, layout_basic
D:2:      layout_basic, basic_altar, serial_shops, nicolae_shop_stone
D:3:      layout_rooms, chequers_decorated_corner, uniq_robin
D:4:      layout_rooms, nicolae_overflow_hallway_of_the_gods,
          kennysheep_generic_room_14
D:5:      layout_loops_cross, minmay_temple_entry_hall

Skill      XL: |  1  2  3  4  5  6  7 |
---------------+----------------------+-----
Fighting       | 4 5 6 |  6.1
Axes           | 3 4 5 |  5.0
Armour         | 4 |  4.8
Shields        | 5 |  5.7

Action                     |  1- 3 |  4- 6 |  7- 9 || total
---------------------------+-------+-------+-------++-------
  Melee: War axe           |    81 |   114 |    70 ||   265
  Throw: Dart              |       |     1 |       ||     1
    Use: Potion            |       |     4 |       ||     4
 Armour: Scale mail        |    59 |   135 |    36 ||   230
  Dodge: Dodged            |    26 |    61 |    22 ||   109
  Block: Buckler           |    28 |    42 |    21 ||    91

Table legend: (Time is in decaauts)
 A = Elapsed time spent in this place.
 B = Non-inter-level travel time spent in this place.
 C = Inter-level travel time spent in this place.
 D = Time resting spent in this place.
 E = Time spent auto-exploring this place.
 F = Levels seen in this place.
 G = Mean time per level.
                   A        B        C        D        E       F      G
               +--------+--------+--------+--------+--------+-----+--------+
         Total |   2846 |   2756 |     90 |      0 |   2115 |   5 |  569.2 |
       Dungeon |   2846 |   2756 |     90 |      0 |   2115 |   5 |  569.2 |
               +--------+--------+--------+--------+--------+-----+--------+

Top non-repeatable levels by time:
     D:4: 979 daAuts
     D:3: 813 daAuts
     D:2: 536 daAuts
     D:1: 503 daAuts
     D:5: 13 daAuts
